 Dungeon Crawl Stone Soup version 0.29-a0-322-g68df515428 (webtiles) character file.

Game seed: 5999696406149830363

145 sammy202020 the Skirmisher (level 5, -16/51 HPs)
             Began as a Gargoyle Berserker on Apr 9, 2022.
             Was a Believer of Trog.
             Killed from afar by Ijyb (39 damage)
             ... with a bolt of acid
             ... on level 3 of the Dungeon.
             The game lasted 00:05:00 (3015 turns).

sammy202020 the Skirmisher (Gargoyle Berserker)     Turns: 3015, Time: 00:05:00

Health: -16/51     AC: 10    Str: 20    XL:     5   Next: 27%
Magic:  5/5        EV:  8    Int: 10    God:    Trog [**....]
Gold:   90         SH:  0    Dex:  9    Spells: 4/4 levels left

rFire   . . .      SeeInvis .   m - +1 flail (holy)
rCold   . . .      Faith    .   (no shield)
rNeg    + . .      Spirit   .   h - +0 chain mail
rPois   ∞          Reflect  .   (no helmet)
rElec   +          Harm     .   (no cloak)
rCorr   .          Rampage  .   (no gloves)
Will    .....                   l - +0 pair of boots
Stlth   ..........              (no amulet)
HPRegen 0.17/turn               (no ring)
MPRegen 0.09/turn               (no ring)

@: berserking, corroded, quick
A: sickness immunity, AC +4, negative energy resistance 1, electricity
resistance, torment resistance 1, petrification resistance
a: Renounce Religion, Berserk, Trog's Hand


You were on level 3 of the Dungeon.
You worshipped Trog.
Trog was pleased with you.
You visited 1 branch of the dungeon, and saw 3 of its levels.

You collected 223 gold pieces.
You spent 133 gold pieces at shops.

Inventory:

Hand Weapons
 a - a +0 mace
 m - a +1 flail of holy wrath (weapon)
Missiles
 f - 14 poisoned darts (quivered)
Armour
 h - a +0 chain mail (worn)
 l - a +0 pair of boots (worn)
Scrolls
 b - 4 scrolls of teleportation
 c - 4 scrolls of identify
 k - a scroll of fog {unknown}
 o - a scroll of blinking {unknown}
 p - a scroll of amnesia {unknown}
Potions
 d - a potion of berserk rage
 e - a potion of degeneration
 g - a potion of cancellation
 i - a potion of might
 j - 3 potions of curing
 n - a potion of haste {unknown}


   Skills:
 * Level 4.7 Fighting
 * Level 4.3 Maces & Flails
 + Level 3.2 Armour
 - Level 1.5 Dodging


You had 4 spell levels left.
You didn't know any spells.
Your spell library was empty.

Dungeon Overview and Level Annotations

Branches:
Dungeon (3/15)

Altars:

Shops:
D:2 =   D:3 (!:?

Annotations:
D:3 Ijyb


Innate Abilities, Weirdness & Mutations

You are immune to sickness and miasma.
Your stone body is resilient. (AC +4)
You are immune to poison.
You resist negative energy. (rN+)
You are resistant to electric shocks. (rElec)
You are resistant to unholy torment.
You are immune to petrification.


Message History

Ijyb hits you with a +0 club.
Ijyb splashes around in the water.
Your unstable footing causes you to fumble your attack.
Ijyb hits you but does no damage.
You thump Ijyb!
Ijyb is heavily wounded.
Ijyb hits you but does no damage.
Your unstable footing causes you to fumble your attack.
Ijyb zaps a wand.
The bolt of acid hits you. The acid corrodes you!
You barely miss Ijyb.
Ijyb is heavily wounded.
Ijyb zaps a wand.
The bolt of acid hits you!
You are too injured to fight recklessly!
You are too injured to fight recklessly!
You are too injured to fight recklessly!
You are too injured to fight recklessly!
You are too injured to fight recklessly!
You are too injured to fight recklessly!
You are too injured to fight recklessly!
You are too injured to fight recklessly!
You are too injured to fight recklessly!
You are too injured to fight recklessly!
You are too injured to fight recklessly!
You are too injured to fight recklessly!
You are too injured to fight recklessly!
You are too injured to fight recklessly!
You are too injured to fight recklessly!
You are too injured to fight recklessly!
You are too injured to fight recklessly!
You are too injured to fight recklessly!
You are too injured to fight recklessly!
You are too injured to fight recklessly!
You are too injured to fight recklessly!
You are too injured to fight recklessly!
You are too injured to fight recklessly!
You are too injured to fight recklessly!
A red film seems to cover your vision as you go berserk!
You feel yourself moving faster!
You feel mighty!
Ijyb zaps a wand.
The bolt of acid hits you!!!
Ouch! That really hurt!
You die...

.....#..........#
..#.†....####..#
# #.#....####..#
#.#..........#
#......#####.#
####.### #.#
##'## #.#
##...###≈≈≈.#
#..@..≈≈≈≈#.#
#..≈g≈≈≈≈.....
#.≈≈≈.....###..
+.........+
#.........#
##.......##
##.....## ##...##


You could see Ijyb.

Vanquished Creatures
  A scorpion (D:3)
  2 adders (D:2)
  A worm (D:2)
  3 dart slugs
  5 endoplasms
  8 hobgoblins
  4 jackals (D:2)
  6 kobolds
  3 quokkas
  3 ball pythons
  8 bats
  4 goblins
  4 rats
52 creatures vanquished.

Notes
Turn   | Place    | Note
-------+----------+-------------------------------------------
     0 | D:1      | sammy202020 the Gargoyle Berserker began the quest for the
                  | Orb.
     0 | D:1      | Reached XP level 1. HP: 14/14 MP: 1/1
   509 | D:1      | Reached XP level 2. HP: 19/19 MP: 2/2
   741 | D:1      | Found a faded altar of an unknown god.
  1330 | D:2      | Reached XP level 3. HP: 21/24 MP: 3/3
  1580 | D:2      | Reached ** piety under Trog
  1790 | D:2      | Reached XP level 4. HP: 29/29 MP: 4/4
  2042 | D:2      | Found Ilexiot's Jewellery Boutique.
  2462 | D:3      | Found Semaygi's Weapon Shoppe.
  2475 | D:3      | Noticed a scorpion
  2490 | D:3      | Killed a scorpion
  2491 | D:3      | Reached XP level 5. HP: 27/34 MP: 5/5
  2501 | D:3      | Bought a +1 flail of holy wrath for 133 gold pieces
  2675 | D:3      | Found Iroekhlis's Distillery.
  2782 | D:3      | Found Tangipn's Book Boutique.
  2957 | D:3      | Found Plog's Magic Scroll Shoppe.
  3005 | D:3      | Noticed Ijyb
  3015 | D:3      | Killed from afar by Ijyb

Illustrated notes

Levels and vault maps discovered:
D:1:      lightli_arrival_maybe_door_vault, layout_basic,
          hellmonk_ecumenical_altar_slurped_away, hangedman_decor_points
D:2:      layout_basic, serial_shops, shop, minmay_tetromino_i2
D:3:      layout_loops_corners, serial_shops, shop_coins, shop, shop, shop,
          serial_rivers, chequers_serial_rivers_micro_a,
          chequers_serial_rivers_micro_b, chequers_serial_rivers_small_a,
          chequers_serial_rivers_micro_c, uniq_ijyb

Skill      XL: |  1  2  3  4 |
---------------+-------------+-----
Fighting       | 4 |  4.7
Maces & Flails | 4 |  4.3
Armour         | 3 |  3.2
Dodging        | |  1.5

Action                   |  1- 3 |  4- 6 || total
-------------------------+-------+-------++-------
Melee: Mace              |   106 |    25 ||   131
       Flail             |       |    29 ||    29
Invok: Berserk           |       |     2 ||     2
  Use: Scroll            |     2 |     5 ||     7
 Stab: Sleeping          |     1 |       ||     1
Armor: Animal skin       |    14 |       ||    14
       Chain mail        |    80 |    30 ||   110
Dodge: Dodged            |    53 |    25 ||    78

Table legend: (Time is in decaauts)
 A = Elapsed time spent in this place.
 B = Non-inter-level travel time spent in this place.
 C = Inter-level travel time spent in this place.
 D = Time resting spent in this place.
 E = Time spent auto-exploring this place.
 F = Levels seen in this place.
 G = Mean time per level.
                   A        B        C        D        E       F      G
               +--------+--------+--------+--------+--------+-----+--------+
         Total |   3060 |   3060 |      0 |    286 |   2281 |   3 | 1020.0 |
       Dungeon |   3060 |   3060 |      0 |    286 |   2281 |   3 | 1020.0 |
               +--------+--------+--------+--------+--------+-----+--------+

Top non-repeatable levels by time:
     D:1: 1333 daAuts
     D:2: 1155 daAuts
     D:3: 571 daAuts
